 Dungeon Crawl Stone Soup version 0.20.1-1-g8b1a95d (webtiles) character file.

26 tidbits the Changer (level 2, 0/22 HPs)
             Began as a Demigod Transmuter on Aug 23, 2017.
             Succumbed to an adder's poison
             ... on level 2 of the Dungeon.
             The game lasted 00:04:14 (478 turns).

tidbits the Changer (Demigod Transmuter)             Turns: 478, Time: 00:04:15

Health: 0/22       AC:  2    Str: 10 (13) XL:     2   Next: 69%
Magic:  6/7        EV: 12    Int: 15 (17) God:
Gold:   50         SH:  0    Dex: 15 (16) Spells: 2/5 levels left

rFire    . . .     SeeInvis .   e - +2 short sword (vamp)
rCold    . . .     Gourm    .   (no shield)
rNeg     . . .     Faith    .   b - +0 robe
rPois    .         Spirit   .   (no helmet)
rElec    .         Reflect  .   (no cloak)
rCorr    .         Harm     .   (no gloves)
MR       .....                  (no boots)
Stlth    +.........             (no amulet)
Regen    0.1/turn               (no ring)
MPRegen  0.1/turn               (no ring)

@: lethally poisoned (0 -> -8)
A: high mp 1
a: no special abilities


You were on level 2 of the Dungeon.
You were not hungry.

You visited 1 branch of the dungeon, and saw 3 of its levels.

You collected 50 gold pieces.

Inventory:

Hand Weapons
 e - a +2 vampiric short sword (weapon)
   (You took it off a kobold on level 1 of the Dungeon)
 j - a +0 hunting sling
Missiles
 a - 9 arrows
 h - 27 sling bullets
 k - 22 stones (quivered)
Armour
 b - a +0 robe (worn)
Magical Staves
 l - an uncursed staff of cold {unknown}
   (You found it on level 3 of the Dungeon)
Books
 c - a book of Changes

   Spells                             Type                      Level
   a - Beastly Appendage              Transmutation                1
   b - Sticks to Snakes               Transmutation                2
   c - Spider Form                    Transmutation/Poison         3
   d - Ice Form                       Ice/Transmutation            4
   e - Blade Hands                    Transmutation                5
Comestibles
 g - 2 fruits
 i - a meat ration


   Skills:
 - Level 0.8 Fighting
 - Level 1.7 Dodging
 - Level 2.6 Unarmed Combat
 - Level 2.0 Spellcasting
 + Level 2.9 Transmutations


You had 2 spell levels left.
You knew the following spells:

 Your Spells              Type           Power        Failure   Level  Hunger
e - Beastly Appendage     Tmut           ##....       7%          1    #......
k - Sticks to Snakes      Tmut           ##......     10%         2    ###....


Dungeon Overview and Level Annotations

Branches:
Dungeon (3/15)

Annotations:
D:3 Grinder, Sigmund


Innate Abilities, Weirdness & Mutations

You have an increased reservoir of magic. (+10% MP)


Message History

You hit the goblin.
You feel better.
The goblin is moderately wounded.
Your ball python bites the goblin.
Your ball python barely misses the goblin.
The goblin hits your ball python with a club.
Your ball python misses the goblin. x2
You hit the goblin.
You feel better.
You kill the goblin!
The goblin closely misses you.
You hit the goblin.
You feel better.
You kill the goblin!
The goblin completely misses you.
You closely miss the goblin.
Your ball python bites the goblin.
Your ball python grabs the goblin.
Your ball python constricts the goblin.
The goblin closely misses you.
You puncture the goblin!
You feel better.
You kill the goblin!
You see here a goblin corpse.
A frilled lizard comes into view.
Sigmund the Dreaded comes into view.
He is wielding a scythe.
The goblin shouts!
A rat comes into view.
You swap places.
Casting: Sticks to Snakes
Confirm with . or Enter, or press ? or * to list all spells.
You create a snake!
You now have 10 arrows.
You swap places.
Your ball python bites the frilled lizard.
Your ball python closely misses the frilled lizard.
The frilled lizard barely misses your adder.
Your adder misses the frilled lizard.
Your ball python bites the frilled lizard.
The frilled lizard dies!
Casting: Sticks to Snakes
Confirm with . or Enter, or press ? or * to list all spells.
You create a snake!
You now have 9 arrows.
Sigmund hits you from afar with a scythe!
The goblin hits your adder.
Your ball python misses Sigmund. x2
You barely miss Sigmund. Sigmund closely misses you.
Your ball python closely misses Sigmund.
Your ball python grabs Sigmund.
Your ball python constricts Sigmund.
You hit Sigmund.
You feel better.
Sigmund is lightly wounded.
Your ball python bites Sigmund.
Your ball python constricts Sigmund.
Sigmund hits you with a scythe!
Ouch! That really hurt!
* * * LOW HITPOINT WARNING * * *
You feel better.
Your ball python withers and dies!
Your ball python bites Sigmund but does no damage.
Your ball python constricts Sigmund.
Your adder bites the goblin.
The goblin dies!
Sigmund gestures at you while chanting. The puff of flame hits you!
* * * LOW HITPOINT WARNING * * *
Your ball python bites Sigmund but does no damage.
Your ball python constricts Sigmund.
It was a potion of degeneration.
There was something very wrong with that liquid.
You feel weakened.
You feel dopey.
You feel clumsy.
Your ball python barely misses Sigmund.
Your ball python constricts Sigmund.
Sigmund hits your ball python with a scythe.
Your ball python dies!
A goblin comes into view. It is wielding a dagger. x2
Your adder bites Sigmund.
Sigmund closely misses your adder.
Your adder bites Sigmund.
Sigmund gestures at you while chanting.
Your adder appears confused.
You see here a goblin corpse.
There is a stone staircase leading up here.
You aren't carrying any items that you can evoke without wielding.
Unknown command.
You climb upwards.
There is a stone staircase leading down here.
There is an open door here.
There is an open door here.
Found an escape hatch in the floor.
An adder comes into view.
Found 9 gold pieces.
The adder bites you but does no damage.
You hit the adder.
The adder is heavily wounded.
The adder misses you. The adder bites you.
* * * LOW HITPOINT WARNING * * *
You are poisoned.
The adder poisons you!
You barely miss the adder.
The adder is heavily wounded.
* * * LOW HITPOINT WARNING * * *
You feel sick. The adder barely misses you.
You hit the adder.
You feel better.
The adder is severely wounded.
The adder bites you.
* * * LOW HITPOINT WARNING * * *
You are more poisoned.
The adder poisons you! The adder barely misses you.
You hit the adder but do no damage.
The adder is severely wounded.
You die...

#.# ... #.# ### #.# #..
#.############.#
#######+#...............
......>..#####..)...##.#
.........# #......'...
.......@.# #......##.#
.......S.# ##'#######.#
.$.......# #...# #.#
#######+## #...# #.#
########. #...# #.#
#........ ##'## #.#
#.####### #.# #>#
#.......# #.#######.#
###.#####.# #.#.......#


You could see an adder.

Vanquished Creatures
  An adder (D:3)
  2 leopard geckos (D:2)
  A ball python (D:1)
  5 goblins
  A hobgoblin (D:1)
  2 kobolds
  A bat (D:1)
  2 rats
15 creatures vanquished.

Vanquished Creatures (collateral kills)
  A goblin (D:3)
  A frilled lizard (D:3)
2 creatures vanquished.

Grand Total: 17 creatures vanquished

Notes
Turn   | Place    | Note
-------+----------+-------------------------------------------
     0 | D:1      | tidbits the Demigod Transmuter began the quest for the Orb.
     0 | D:1      | Reached XP level 1. HP: 15/15 MP: 5/5
    73 | D:1      | Reached skill level 2 in Spellcasting
    73 | D:1      | Reached skill level 2 in Transmutations
   290 | D:3      | Noticed Grinder
   293 | D:3      | Paralysed by Grinder for 2 turns
   361 | D:2      | Reached XP level 2. HP: 15/22 MP: 5/7
   365 | D:2      | Learned a level 2 spell: Sticks to Snakes
   437 | D:3      | Noticed Sigmund
   477 | D:2      | HP: 1/22 [adder (4)]
   478 | D:2      | Succumbed to an adder's poison

Skill      XL: |  1 |
---------------+----+-----
Spellcasting   | 2 |  2.0
Transmutations | 2 |  2.9
Fighting       | |  0.8
Dodging        | |  1.7
Unarmed Combat | |  2.6

Action                   || total
-------------------------++-------
Melee: Short sword       ||    26
       Unarmed           ||     9
       Headbutt          ||     3
       Kick              ||     2
       Punch             ||     1
 Cast: Beastly Appendage ||     6
       Sticks to Snakes  ||     3
  Use: Potion            ||     4
 Stab: Sleeping          ||     1
  Eat: Bread ration      ||     1
Armor: Robe              ||     4
Dodge: Dodged            ||    21

Table legend:
 A = Turns spent in this place as a percentage of turns spent in the entire game.
 B = Non-inter-level travel turns spent in this place as a percentage of non-inter-level travel turns spent in the entire game.
 C = Inter-level travel turns spent in this place as a percentage of turns spent in this place.
 D = Turns resting spent in this place as a percentage of non-inter-level travel turns spent in this place.
 E = Turns spent auto-exploring this place as a percentage of non-inter-level travel turns spent in this place.
 F = Non-inter-level travel turns spent in this place divided by the number of levels of this place that you've seen.
                   A       B       C       D       E      F
               +-------+-------+-------+-------+-------+----------------------
         Total | 100.0 | 100.0 |   0.2 |   0.0 |   0.0 | 147.3
       Dungeon | 100.0 | 100.0 |   0.2 |   0.0 |   0.0 | 147.3
               +-------+-------+-------+-------+-------+----------------------

Table legend:
 A = Kills in this place as a percentage of kills in entire the game.
 B = Kills by you in this place as a percentage of kills by you in the entire game.
 C = Kills by friends in this place as a percentage of kills by friends in the entire game.
 D = Other kills in this place as a percentage of other kills in the entire game.
 E = Experience gained in this place as a percentage of experience gained in the entire game.
 F = Experience gained in this place divided by the number of levels of this place that you have seen.
                   A       B       C       D       E      F
               +-------+-------+-------+-------+-------+----------------------
         Total | 100.0 | 100.0 | 100.0 |  -nan | 100.0 |  12.7
       Dungeon | 100.0 | 100.0 | 100.0 |  -nan | 100.0 |  12.7
               +-------+-------+-------+-------+-------+----------------------

Vault maps used:
D:1:      saegor_arrival_simple_b, serial_bayou, serial_bayou_lake_a,
          serial_bayou_ford_a, serial_bayou_shore_b, serial_bayou_pond_c,
          serial_bayou_shore_a, serial_bayou_pond_e, minmay_tall_x
D:2:      marbit_many_paths, serial_park_tiny_pond
D:3:      lemuel_round_altar, first_bread, dk_vineyard_1, uniq_robin,
          uniq_grinder, uniq_sigmund
